 Dungeon Crawl Stone Soup version 0.23-a0-301-g9da9e51 (webtiles) character file.

107510 Geeful the Black Belt (level 16, 0/131 HPs)
             Began as a Demonspawn Monk on Mar 14, 2017.
             Was the Champion of Wu Jian.
             Slain by Nikola
             ... wielding a +2 rapier of electrocution
              (8 damage)
             ... on level 1 of the Swamp on Oct 7, 2018.
             The game lasted 02:13:22 (31054 turns).

Geeful the Black Belt (Demonspawn Monk)            Turns: 31054, Time: 02:13:22

Health: 0/131      AC: 24    Str: 22    XL:     16   Next: 0%
Magic:  0/16       EV: 12    Int:  7    God:    Wu Jian [******]
Gold:   2459       SH:  0    Dex: 19    Spells: 14/15 levels left

rFire    + + +     SeeInvis +     - Unarmed
rCold    + + .     Gourm    .   (no shield)
rNeg     . . .     Faith    .   O - +0 gold dragon scales of the Sneaky Stories {+Blink rPois rF+ rC+ Str+6 Int-4 SInv}
rPois    +         Spirit   +   t - +1 hat
rElec    +         Reflect  .   k - +2 cloak {+Inv}
rCorr    +         Harm     .   (gloves unavailable)
MR       ++...                  B - +0 pair of boots of the Abyss {rF+}
Stlth    ..........             i - amulet of magic regeneration
HPRegen  0.31/turn              Q - +2 ring of evasion
MPRegen  0.55/turn              o - ring of protection from magic

@: exhausted, resistant, glowing, heavenly storm
A: claws 3, hooves 2, horns 1, mutation resistance 1, nightstalker 1, poison
resistance, magic shield, magic regeneration, magic link
a: Wall Jump, Serpent's Lash, Heavenly Storm, Renounce Religion, Evoke Blink,
Evoke Invisibility


You were on level 1 of the Swamp.
You worshipped Wu Jian.
Wu Jian was exalted by your worship.
You were not hungry.

You visited 5 branches of the dungeon, and saw 25 of its levels.
You also visited: Labyrinth.

You collected 2629 gold pieces.
You spent 170 gold pieces at shops.

Inventory:

Armour
 k - a +2 cloak of invisibility (worn)
 t - a +1 hat (worn)
 B - the +0 pair of boots of the Abyss (worn) {rF+}
   (You found it on level 6 of the Dungeon)

   It protects you from fire.
 F - +1 gold dragon scales
 O - the +0 gold dragon scales of the Sneaky Stories (worn) {+Blink rPois rF+ rC+ Str+6 Int-4 SInv}
   (You acquired it on level 1 of the Lair of Beasts)

   It affects your strength (+6).
   It affects your intelligence (-4).
   It protects you from fire.
   It protects you from cold.
   It protects you from poison.
   It lets you see invisible.
   It lets you blink.
Jewellery
 i - an amulet of magic regeneration (around neck)
 o - a ring of protection from magic (right claw)
 C - an uncursed ring of flight
 L - an uncursed ring of ice
 Q - a +2 ring of evasion (left claw)
 S - an uncursed ring of protection from fire
 T - an uncursed ring of protection from fire
 X - an uncursed ring of magical power
Wands
 f - a wand of acid (6)
 j - a wand of paralysis (8)
 D - a wand of polymorph (27)
 I - a wand of disintegration (19)
 K - a wand of flame (36)
 M - a wand of random effects (68)
 V - a wand of clouds (2)
 Y - a wand of iceblast (14)
Scrolls
 a - a scroll of fear
 e - 3 scrolls of fog
 h - 2 scrolls of blinking
 n - 6 scrolls of teleportation
 u - 2 scrolls of removedness
 y - 4 scrolls of magic mapping
 E - 4 scrolls of immolation
 G - 9 scrolls of remove curse
 P - a scroll of identify
 R - 3 scrolls of enchant armour
Potions
 g - 2 potions of resistance
 l - 2 potions of heal wounds
 m - 4 potions of curing
 p - 4 potions of might
 r - a potion of invisibility
 s - 3 potions of lignification
 w - a potion of berserk rage
 z - 4 potions of brilliance
 H - a potion of agility
 N - a potion of cancellation
Comestibles
 b - 23 rations
 c - 4 rations


   Skills:
 + Level 13.5 Fighting
 + Level 12.2 Armour
 + Level 11.0 Dodging
 - Level 1.7 Stealth
 * Level 16.9 Unarmed Combat


You had 14 spell levels left.
You knew the following spells:

 Your Spells              Type           Power        Failure   Level  Hunger
a - Apportation           Tloc           #.....       100%        1    ##.....

Your spell library contained the following spells:

 Spells                   Type           Power        Failure   Level  Hunger
 Animate Skeleton         Necr           N/A          100%        1    ##.....
 Beastly Appendage        Tmut           #.....       100%        1    ##.....
 Confusing Touch          Hex            #.....       100%        1    ##.....
 Summon Small Mammal      Summ           #...         100%        1    ##.....
 Sticks to Snakes         Tmut           #.......     100%        2    ###....
 Spider Form              Tmut/Pois      #.........   100%        3    ####...
 Cause Fear               Hex            #.........   100%        4    #####..
 Ice Form                 Ice/Tmut       #.......     100%        4    #####..
 Blade Hands              Tmut           #.........   100%        5    ######.
 Silence                  Hex/Air        #.........   100%        5    ######.
 Yara's Violent Unravell  Hex/Tmut       #.........   100%        5    ######.
 Deflect Missiles         Chrm/Air       #.........   100%        6    #######
 Discord                  Hex            #.........   100%        8    #######


Dungeon Overview and Level Annotations

Branches:
Dungeon (15/15)            Temple (1/1) D:5            Lair (6/6) D:8
  Swamp (1/4) Lair:3        Snake (0/4) Lair:4        Slime (0/5) Lair:6
    Orc (2/2) D:11            Elf (0/3) Orc:2        Vaults (0/5) D:13
 Depths (0/5) D:15

Altars:
Ashenzari
Cheibriados
Dithmenos
Elyvilon
Gozag
Hepliaklqana
Makhleb
Nemelex Xobeh
Okawaru
Ru
Sif Muna
Trog
Uskayaw
Wu Jian
Xom
Zin
Beogh
Jiyva

Shops:
D:9 =   D:14 (   Orc:2 (%:%

Annotations:
D:2 Sigmund
Swamp:1 Nikola


Innate Abilities, Weirdness & Mutations

You have claws for hands.
You have hoof-like feet.
You have a pair of small horns on your head.
You are slightly more attuned to the shadows.
When hurt, damage is shared between your health and your magic reserves.
You regenerate magic rapidly.
When low on magic, you restore magic in place of health.
You are somewhat resistant to further mutation.
Your system is resistant to poisons. (rPois)


Message History

You mangle Nikola!! You headbutt Nikola!
Nikola is heavily wounded.
You claw Nikola!
Nikola is heavily wounded.
Nikola closely misses you.
You scratch Nikola. You headbutt Nikola. You claw Nikola!
Nikola is severely wounded.
Nikola casts a spell.
You hear a mighty clap of thunder!
The lightning arc hits you!
The lightning arc hits Nikola.
The lightning arc hits you!
* * * LOW HITPOINT WARNING * * *
The lightning arc hits Nikola.
The lightning arc hits you!
* * * LOW HITPOINT WARNING * * *
The lightning arc hits Nikola.
You claw Nikola! You headbutt Nikola. You claw Nikola.
Nikola is almost dead.
You feel protected.
Nikola hits you with a rapier of electrocution!
You die...

♣≈≈..........♣♣
♣≈≈≈≈≈.♣♣.§♣♣♣♣
♣.≈≈≈......§♣ ♣..≈≈≈≈...♣♣
≈...≈≈..♣♣♣ . ≈......≈♣♣♣♣
≈≈ .♣♣♣..≈....♣♣
≈≈≈≈≈♣♣♣♣♣♣♣♣♣♣♣♣♣♣.....≈..♣
..≈≈≈.....§§§§§§@@♣♣..♣≈...♣
♣..≈≈.♣≈.♣§§♣§§♣§§§♣♣♣♣♣♣≈♣♣
.≈.≈.♣..♣§§♣§§♣§§§>♣♣♣≈..♣♣
♣...♣..♣..♣..♣.≈≈.♣♣≈≈≈.≈♣
≈♣♣...♣..♣..♣..♣.≈≈^♣..≈≈.♣♣
..>.††..♣♣.♣♣.♣♣...≈≈≈≈..≈♣
≈..≈†...♣..♣ .♣ ...≈≈≈.≈♣♣♣
..♣♣≈≈♣.♣..♣ ♣. ♣.≈≈≈.♣♣
♣♣....♣..♣ ♣. ♣.≈≈≈.♣♣


You could see Nikola.

Vanquished Creatures
  A minotaur (Lab)
  Snorg (D:12)
  Erolcha (Orc:1)
  A fire dragon (Lair:6)
  Fannar (D:12)
  5 hydras
  A shambling mangrove (Swamp:1)
  A catoblepas (Lair:2)
  3 centaur warriors
  21 two-headed ogres
  A death knight (D:15)
  5 alligators (Swamp:1)
  4 ogre magi (Orc:2)
  4 death yaks
  Urug (Lair:6)
  A storm dragon zombie (D:15)
  Nergalle (Orc:1)
  The ghost of enarc13 the Frost Mage, a novice DrIE of Vehumet (D:8)
  A spark wasp zombie (D:15)
  2 skeletal warriors
  A swamp dragon (Swamp:1)
  A wizard (D:13)
  A flayed ghost (D:15)
  3 unseen horrors
  A phantasmal warrior (D:15)
  A necromancer (D:15)
  Pikel (D:5)
  2 lindwurms
  A wolf spider zombie (D:15)
  An oklob plant (Lair:6)
  2 orc sorcerers
  4 centaur zombies
  4 elephants (Lair:5)
  4 cyclopes (D:15)
  Maurice (Orc:1)
  Joseph (D:7)
  4 black mambas
  5 torpor snails
  2 gargoyles (D:15)
  17 spiny frogs
  2 rime drakes (D:15)
  2 spriggan zombies (D:15)
  A kobold demonologist (D:12)
  2 freezing wraiths
  9 komodo dragons
  A tengu conjurer (D:13)
  9 trolls
  A polar bear (Lair:6)
  6 meliai
  7 tyrant leeches
  A queen bee (D:9)
  14 hornets
  16 slime creatures
  10 hippogriffs
  22 blink frogs
  A shadow (Swamp:1)
  3 wraiths
  A centaur simulacrum (D:15)
  2 wyverns
  A vampire (D:15)
  2 basilisks
  3 hungry ghosts
  45 yaks
  14 vampire mosquitoes
  A steam dragon (D:14)
  Grum (D:8)
  7 swamp worms
  Menkaure (D:7)
  2 nagas (Lair:4)
  2 soldier ants
  2 acid dragons
  3 wargs
  2 hell hounds (D:8)
  7 porcupines
  3 swamp drakes (Swamp:1)
  Purgy (D:4)
  10 water moccasins
  2 slaves (D:5)
  30 ogres
  16 orc warriors
  3 ice beasts
  2 phantoms
  A sky beast (D:6)
  4 black bears
  2 necrophages
  14 crocodiles
  16 centaurs
  11 wolves
  4 big kobolds
  19 bullfrogs
  A wyvern zombie (D:8)
  4 scorpions
  21 killer bees
  12 wights
  5 howler monkeys
  An electric eel (Lair:6)
  2 bullfrog zombies
  A quasit (D:7)
  5 crimson imps
  20 orc priests
  Crazy Yiuf (D:2)
  7 hounds
  5 jellies
  4 centaur skeletons
  3 bullfrog skeletons
  2 iguanas
  32 orc wizards
  14 worker ants
  A hound zombie (D:10)
  A hound skeleton (D:11)
  A howler monkey zombie (D:7)
  Robin (D:2)
  8 gnolls
  12 adders
  2 oozes
  An adder zombie (D:8)
  A worm (D:2)
  2 dart slugs (D:1)
  5 leopard geckos
  75 orcs
  6 giant cockroaches
  17 goblins
  7 hobgoblins
  17 jackals
  6 quokkas
  5 ball pythons
  11 bats
  10 frilled lizards
  21 kobolds
  2 leopard gecko skeletons
  A leopard gecko zombie (D:8)
  12 rats
  A plant (Lair:6)
821 creatures vanquished.

Vanquished Creatures (others)
  An orc (Orc:2)
  A fungus (Lair:1)
  15 plants
  11 withered plants (D:15)
28 creatures vanquished.

Grand Total: 849 creatures vanquished

Notes
Turn   | Place    | Note
-------+----------+-------------------------------------------
     0 | D:1      | Geeful the Demonspawn Monk began the quest for the Orb.
     0 | D:1      | Reached XP level 1. HP: 18/18 MP: 1/1
   426 | D:1      | Reached skill level 3 in Unarmed Combat
   426 | D:1      | Gained mutation: You have sharp fingernails. [demonic
                  | ancestry]
   426 | D:1      | Reached XP level 2. HP: 24/24 MP: 2/2
   604 | D:1      | Reached XP level 3. HP: 21/29 MP: 3/3
  1456 | D:2      | Noticed Robin
  1459 | D:2      | Noticed Sigmund
  1497 | D:2      | Reached XP level 4. HP: 25/35 MP: 4/4
  1505 | D:2      | Killed Robin
  1687 | D:2      | Found a runed door.
  1767 | D:2      | Reached skill level 1 in Armour
  1767 | D:2      | Reached skill level 4 in Unarmed Combat
  2130 | D:2      | Noticed Crazy Yiuf
  2153 | D:2      | Killed Crazy Yiuf
  2153 | D:2      | Gained mutation: You are slightly more attuned to the
                  | shadows. [demonic ancestry]
  2153 | D:2      | Reached XP level 5. HP: 17/42 MP: 5/5
  2699 | D:3      | Found a shimmering altar of Xom.
  2879 | D:3      | Found a hazy altar of Hepliaklqana.
  3257 | D:3      | Reached skill level 5 in Unarmed Combat
  3257 | D:3      | Gained mutation: When hurt, damage is shared between your
                  | health and your magic reserves. [demonic ancestry]
  3257 | D:3      | Reached XP level 6. HP: 17/48 MP: 6/6
  3755 | D:4      | Noticed Purgy
  3756 | D:4      | Found an iron altar of Okawaru.
  3787 | D:4      | Killed Purgy
  3975 | D:4      | Reached XP level 7. HP: 39/55 MP: 5/7
  4499 | D:5      | Entered Level 5 of the Dungeon
  4501 | D:5      | Noticed Pikel
  4510 | D:4      | Reached skill level 6 in Unarmed Combat
  4568 | D:5      | Learned a level 1 spell: Apportation
  4839 | D:5      | Reached skill level 5 in Fighting
  5195 | D:5      | Found a staircase to the Ecumenical Temple.
  5251 | Temple   | Entered the Ecumenical Temple
  5309 | Temple   | Became a worshipper of the Wu Jian Council
  5309 | Temple   | Reached * piety under Wu Jian
  5309 | Temple   | Reached ** piety under Wu Jian
  5602 | D:5      | Reached skill level 7 in Unarmed Combat
  5602 | D:5      | Gained mutation: You have very sharp fingernails. [demonic
                  | ancestry]
  5602 | D:5      | Reached XP level 8. HP: 62/62 MP: 8/8
  6232 | D:5      | Killed Pikel
  6306 | D:6      | Reached skill level 8 in Unarmed Combat
  6551 | D:6      | Found a bloodstained altar of Trog.
  6552 | D:6      | Found a glowing silver altar of Zin.
  6553 | D:6      | Upgraded the game from 0.20-a0-871-g785f14b to
                  | 0.21-a0-504-g2eda330
  6555 | D:6      | Found a snail-covered altar of Cheibriados.
  6675 | D:6      | Gained mutation: You have large cloven feet. [demonic
                  | ancestry]
  6675 | D:6      | Reached XP level 9. HP: 69/69 MP: 9/9
  6698 | D:6      | Got a pair of dazzling boots
  6704 | D:6      | Identified the cursed +0 pair of boots of the Abyss {rF+}
                  | (You found it on level 6 of the Dungeon)
  6873 | D:6      | Found a sacrificial altar of Ru.
  6878 | D:6      | Reached skill level 5 in Armour
  7144 | D:7      | Reached *** piety under Wu Jian
  7258 | D:7      | Noticed Menkaure
  7266 | D:7      | Killed Menkaure
  7332 | D:7      | Noticed Joseph
  7350 | D:7      | Killed Joseph
  7350 | D:7      | Reached skill level 9 in Unarmed Combat
  7723 | D:7      | Got a steaming whip
  8294 | D:8      | Noticed a two-headed ogre
  8393 | D:8      | Noticed Grum
  8715 | D:8      | Noticed enarc13's ghost (novice DrIE)
  8787 | D:7      | Identified the +10 whip "Hegore" {pain, rPois Dex+4} (You
                  | found it on level 7 of the Dungeon)
  9133 | D:8      | Reached **** piety under Wu Jian
  9330 | D:8      | Killed enarc13's ghost
  9330 | D:8      | Reached skill level 10 in Unarmed Combat
  9330 | D:8      | Gained mutation: You have claws for hands. [demonic
                  | ancestry]
  9330 | D:8      | Reached XP level 10. HP: 34/79 MP: 10/10
  9576 | D:8      | Killed Grum
  9921 | D:8      | Found a staircase to the Lair.
 10029 | D:8      | Got a jewelled ring mail
 10040 | D:8      | Identified the +3 ring mail of a volcano {+Inv Str+2} (You
                  | found it on level 8 of the Dungeon)
 10060 | D:8      | Killed a two-headed ogre
 10847 | D:9      | Found Toelirr's Jewellery Shoppe.
 10854 | D:9      | Bought a +2 ring of evasion for 170 gold pieces
 11127 | D:9      | Reached skill level 11 in Unarmed Combat
 11948 | D:9      | Found a sacrificial altar of Ru.
 12173 | D:10     | Entered Level 10 of the Dungeon
 12203 | D:10     | Gained mutation: You have a pair of small horns on your
                  | head. [demonic ancestry]
 12203 | D:10     | Reached XP level 11. HP: 86/86 MP: 11/11
 12546 | D:10     | Noticed a two-headed ogre
 12650 | D:10     | Killed a two-headed ogre
 12650 | D:10     | Reached skill level 5 in Dodging
 12762 | D:10     | Reached ***** piety under Wu Jian
 13393 | D:10     | Upgraded the game from 0.23-a0-275-g0cf4261 to
                  | 0.23-a0-301-g9da9e51
 13550 | D:11     | Noticed a two-headed ogre
 13556 | D:11     | Killed a two-headed ogre
 13556 | D:11     | Reached skill level 12 in Unarmed Combat
 13559 | D:11     | Noticed a four-headed hydra
 14133 | D:11     | Gained mutation: You are somewhat resistant to further
                  | mutation. [potion of mutation]
 14133 | D:11     | Gained mutation: Your system is resistant to poisons.
                  | (rPois) [potion of mutation]
 14441 | D:11     | Found a staircase to the Orcish Mines.
 14451 | D:11     | Killed an eight-headed hydra
 14509 | D:11     | Found a roughly hewn altar of Beogh.
 14848 | D:12     | Gained mutation: You regenerate magic rapidly. [demonic
                  | ancestry]
 14848 | D:12     | Reached XP level 12. HP: 97/97 MP: 12/12
 14941 | D:12     | Reached ****** piety under Wu Jian
 14979 | D:12     | Noticed Snorg
 15065 | D:12     | Killed Snorg
 15065 | D:12     | Reached skill level 10 in Fighting
 15129 | D:12     | Noticed Fannar
 15164 | D:12     | Killed Fannar
 15285 | D:12     | Noticed a two-headed ogre
 15300 | D:12     | Killed a two-headed ogre
 15544 | D:13     | Found a labyrinth entrance.
 15553 | Lab      | Entered a labyrinth
 15782 | Lab      | Noticed a minotaur
 15795 | Lab      | Killed a minotaur
 15795 | Lab      | Reached skill level 13 in Unarmed Combat
 16484 | D:13     | Found a gate to the Vaults.
 17459 | D:14     | Noticed a centaur warrior
 17469 | D:14     | Killed a centaur warrior
 17515 | D:14     | Noticed a centaur warrior
 17541 | D:14     | Killed a centaur warrior
 17541 | D:14     | Reached XP level 13. HP: 75/105 MP: 13/13
 18013 | D:14     | Found Siujiw's Antique Weapon Emporium.
 18077 | D:14     | Found a shattered altar of Ashenzari.
 18529 | D:15     | Entered Level 15 of the Dungeon
 18643 | Lair:1   | Entered Level 1 of the Lair of Beasts
 18698 | Lair:1   | Identified a scroll of acquirement
 18716 | Lair:1   | Got warped gold dragon scales
 18717 | Lair:1   | Identified the +0 gold dragon scales of the Sneaky Stories
                  | {+Blink rPois rF+ rC+ Str+6 Int-4 SInv} (You acquired it on
                  | level 1 of the Lair of Beasts)
 19110 | Lair:1   | Reached skill level 14 in Unarmed Combat
 19592 | Lair:2   | Reached skill level 10 in Armour
 20993 | Lair:3   | Found a staircase to the Swamp.
 21801 | Lair:4   | Gained mutation: You have hoof-like feet. [demonic
                  | ancestry]
 21801 | Lair:4   | Reached XP level 14. HP: 114/114 MP: 14/14
 21990 | Lair:4   | Found a staircase to the Snake Pit.
 22701 | Lair:5   | Reached skill level 15 in Unarmed Combat
 23048 | Lair:6   | Entered Level 6 of the Lair of Beasts
 23130 | Lair:6   | Found a staircase to the Slime Pits.
 23655 | Lair:6   | Noticed Urug
 23656 | Lair:6   | Killed Urug
 23880 | Lair:6   | Found a viscous altar of Jiyva.
 24085 | Lair:6   | Found a runed door.
 24893 | Lair:6   | Paralysed by a hornet for 2 turns
 25347 | Orc:1    | Entered Level 1 of the Orcish Mines
 25347 | Orc:1    | Noticed Maurice
 25356 | Orc:1    | Killed Maurice
 25424 | Orc:1    | Noticed Erolcha
 25435 | Orc:1    | Killed Erolcha
 25713 | Orc:1    | Noticed Nergalle
 25721 | Orc:1    | Killed Nergalle
 25863 | Orc:2    | Entered Level 2 of the Orcish Mines
 26027 | Orc:2    | Found a staircase to the Elven Halls.
 26131 | Orc:2    | Reached skill level 10 in Dodging
 26159 | Orc:2    | Reached XP level 15. HP: 32/122 MP: 6/15
 26865 | Orc:2    | Reached skill level 16 in Unarmed Combat
 27695 | Orc:2    | Found Deag's Food Shop.
 27695 | Orc:2    | Found Ickeuth's Book Emporium.
 27696 | Orc:2    | Found Beill's Food Emporium.
 27696 | Orc:2    | Found Ilepn's Antique Weapon Boutique.
 28850 | D:15     | Found a shadowy altar of Dithmenos.
 29019 | D:15     | Found a staircase to the Depths.
 30271 | Swamp:1  | Entered Level 1 of the Swamp
 31034 | Swamp:1  | Gained mutation: When low on magic, you restore magic in
                  | place of health. [demonic ancestry]
 31034 | Swamp:1  | Reached XP level 16. HP: 111/131 MP: 14/16
 31044 | Swamp:1  | Noticed Nikola
 31054 | Swamp:1  | Slain by Nikola

Vault maps used:
D:1:      dpeg_cavernosity, st_stairs_14
D:2:      uniq_sigmund, uniq_crazy_yiuf_cottage, uniq_robin
D:3:      lemuel_doored_altar, old_standard_altar, grunt_ministairs_11
D:4:      first_bread, okawaru_metal_pillars_1_2, uniq_purgy
D:5:      minmay_temple_entry_statues_pillars, uniq_pikel
D:6:      grunt_temple_overflow_open, nicolae_ru_great_annihilating_truth
D:7:      uniq_menkaure, uniq_joseph
D:8:      minmay_lair_entry_lava, uniq_grum
D:9:      kennysheep_mini_moat, serial_shops, nicolae_shop_statue_plus,
          david_nohive_1, kennysheep_generic_room_5
D:11:     minmay_orc_entry_temple_small
D:12:     uniq_fannar, uniq_snorg
D:13:     david_vaults_4, lab_entry_generic
D:14:     serial_shops, shop, nicolae_ashenzari_panopticon
D:15:     gammafunk_depths_entry_grave, portal_ice_cave_rime, lemuel_tele_altar
Temple:   eino_temple_scatter_basement
Lair:2:   beast_lair_carwin_1, grunt_megastairs_4
Lair:3:   minmay_swamp_entry_worms, lemuel_fruit_tree
Lair:4:   guppyfry_snake_entry_garden
Lair:5:   infiniplex_staircase_pool_2
Lair:6:   wormcave, slime_altar_1, infiniplex_staircase_pool,
          grunt_megastairs_3, serial_bayou_shore_a, uniq_urug
Swamp:1:  hangedman_swamp_cone, swamp_pool1, uniq_nikola
Orc:1:    uniq_maurice, uniq_erolcha, uniq_nergalle
Orc:2:    st_orc_ogre_mass
Lab:      labyrinth_watery, nicolae_lab_statue

Skill      XL: |  1  2  3  4  5  6  7  8  9 10 11 12 13 14 15 |
---------------+----------------------------------------------+-----
Unarmed Combat | 3 4 5 7 8 10 11 12 13 14 15 16 | 16.9
Armour         | 1 2 3 4 6 7 8 9 10 11 12 | 12.2
Fighting       | 4 5 6 7 8 9 10 11 12 13 | 13.5
Dodging        | 4 6 7 8 10 11 | 11.0
Stealth        | |  1.7

Action                   |  1- 3 |  4- 6 |  7- 9 | 10-12 | 13-15 | 16-18 || total
-------------------------+-------+-------+-------+-------+-------+-------++-------
Melee: Unarmed           |   164 |   217 |   405 |   787 |  1376 |     8 ||  2957
       Punch             |     2 |     1 |    16 |    35 |    76 |     2 ||   132
       Whip              |       |       |    76 |       |       |       ||    76
       Kick              |       |       |     1 |       |       |       ||     1
       Headbutt          |       |       |       |   121 |   381 |     4 ||   506
Throw: Throwing net      |       |       |       |     2 |       |       ||     2
Invok: Lunge             |       |       |       |    40 |    70 |     1 ||   111
       Serpent's Lash    |       |       |       |     7 |     6 |     1 ||    14
       Whirlwind         |       |       |       |     5 |    29 |       ||    34
       Wall Jump         |       |       |       |     1 |     4 |       ||     5
       Heavenly Storm    |       |       |       |     1 |       |     1 ||     2
Evoke: Wand              |       |    13 |       |     4 |    13 |       ||    30
  Use: Scroll            |     5 |     2 |     8 |    16 |    14 |       ||    45
       Potion            |     3 |     2 |     1 |    13 |       |     1 ||    20
 Stab: Sleeping          |     4 |     9 |     9 |     5 |       |       ||    27
       Paralysed         |       |    15 |       |       |    12 |       ||    27
       Distracted        |       |     1 |     3 |     3 |     1 |       ||     8
  Eat: Chunk             |     2 |     8 |    13 |    17 |    39 |       ||    79
       Buggy jelly       |       |       |     2 |     1 |       |       ||     3
       Ration            |       |       |       |     4 |     1 |       ||     5
Armor: Robe              |     4 |       |       |       |       |       ||     4
       Ring mail         |    44 |       |       |   180 |       |       ||   224
       Leather armour    |     8 |    81 |   176 |    34 |       |       ||   299
       Gold dragon scale |       |       |       |    81 |   613 |     3 ||   697
Dodge: Dodged            |   120 |   157 |   270 |   480 |   477 |     1 ||  1505

Table legend:
 A = Non-vault XP
 B = Vault XP
 C = Vault XP percentage of total XP
 D = Non-vault monster count
 E = Vault monster count
 F = Vault count percentage of total count
                 A         B        C        D         E       F
            +---------+---------+-------+---------+---------+-------
      Total |  102447 |   48099 |  31.9 |     542 |     108 |  16.6
            +---------+---------+-------+---------+---------+-------
        D:7 |    1440 |       0 |   0.0 |      19 |       0 |   0.0
        D:8 |    4222 |       0 |   0.0 |      43 |       0 |   0.0
        D:9 |    2178 |       0 |   0.0 |      38 |       0 |   0.0
       D:10 |    4761 |      61 |   1.3 |      45 |       1 |   2.2
       D:11 |    5401 |     294 |   5.2 |      40 |       7 |  14.9
       D:12 |    3926 |    2113 |  35.0 |      33 |       2 |   5.7
       D:13 |    6046 |    1687 |  21.8 |      28 |       3 |   9.7
       D:14 |    7158 |     761 |   9.6 |      34 |       1 |   2.9
       D:15 |   14985 |    5260 |  26.0 |      54 |       9 |  14.3
     Lair:1 |    5517 |       0 |   0.0 |      22 |       0 |   0.0
     Lair:2 |    4367 |    2951 |  40.3 |      19 |      13 |  40.6
     Lair:3 |    6081 |    1122 |  15.6 |      22 |       6 |  21.4
     Lair:4 |    4707 |     323 |   6.4 |      18 |       2 |  10.0
     Lair:5 |    6263 |       0 |   0.0 |      26 |       0 |   0.0
     Lair:6 |    9989 |   10653 |  51.6 |      29 |      24 |  45.3
    Swamp:1 |   10870 |       0 |   0.0 |      29 |       0 |   0.0
      Orc:1 |    2586 |    5196 |  66.8 |      19 |       7 |  26.9
      Orc:2 |    1950 |   16393 |  89.4 |      24 |      32 |  57.1
        Lab |       0 |    1285 | 100.0 |       0 |       1 | 100.0
            +---------+---------+-------+---------+---------+-------
